 Dungeon Crawl Stone Soup version 0.29-a0-352-g0917bc69df (webtiles) character file.

Game seed: 13474973190740222097

2718 spaghetti the Reanimator (level 9, -2/66 HPs)
             Began as a Gnoll Wanderer on Apr 24, 2022.
             Was a Follower of Cheibriados.
             Killed themself with a badly aimed iceblast (16 damage)
             ... on level 7 of the Dungeon.
             The game lasted 00:18:05 (9879 turns).

spaghetti the Reanimator (Gnoll Wanderer)           Turns: 9879, Time: 00:18:06

Health: -2/66      AC:  5    Str: 10    XL:     9   Next: 66%
Magic:  0/17       EV: 23    Int: 18    God:    Cheibriados [*.....]
Gold:   560        SH:  0    Dex: 17    Spells: 3/18 levels left

rFire   . . .      SeeInvis .   a - +0 falchion {long}
rCold   . . .      Faith    .   (no shield)
rNeg    . . .      Spirit   .   d - +0 robe
rPois   .          Reflect  .   (no helmet)
rElec   .          Harm     .   b - +0 cloak
rCorr   .          Rampage  .   (no gloves)
Will    .....                   x - +1 pair of boots
Stlth   +++.......              (no amulet)
HPRegen 0.21/turn               q - +4 ring of evasion
MPRegen 0.15/turn               P - +4 ring of evasion

@: very slow
A: fangs 1, strong nose, distributed training
a: Renounce Religion, Bend Time


You were on level 7 of the Dungeon.
You worshipped Cheibriados.
Cheibriados was aware of your devotion.
You visited 2 branches of the dungeon, and saw 8 of its levels.

You collected 560 gold pieces.


Innate Abilities, Weirdness & Mutations

You have very sharp teeth.
Your uncanny sense of smell can sniff out nearby items.
Your experience applies equally to all skills.


   Skills:
 + Level 4.4 Fighting
 + Level 4.4 Short Blades
 + Level 6.5 Long Blades
 + Level 4.4 Axes
 + Level 4.4 Maces & Flails
 + Level 4.4 Polearms
 + Level 4.4 Staves
 + Level 4.4 Slings
 + Level 4.4 Bows
 + Level 4.4 Crossbows
 + Level 4.4 Throwing
 + Level 4.4 Armour
 + Level 6.5 Dodging
 + Level 4.4 Stealth
 + Level 4.4 Shields
 + Level 4.4 Unarmed Combat
 + Level 5.3 Spellcasting
 + Level 3.7 Conjurations
 + Level 3.7 Hexes
 + Level 3.7 Summonings
 + Level 9.5 Necromancy
 + Level 3.7 Translocations
 + Level 3.7 Transmutations
 + Level 3.7 Fire Magic
 + Level 3.7 Ice Magic
 + Level 3.7 Air Magic
 + Level 3.7 Earth Magic
 + Level 3.7 Poison Magic
 + Level 4.9 Invocations
 + Level 4.4 Evocations


You had 3 spell levels left.
You knew the following spells:

 Your Spells              Type           Power      Damage    Failure   Level
a - Pain                  Necr           100%       1d9       1%          1
b - Sublimation of Blood  Necr           39%        N/A       1%          2
c - Searing Ray           Conj           36%        2d5       4%          2
d - Fulminant Prism       Conj/Hex       9%         3d7       28%         4
e - Iskenderun's Mystic   Conj/Tloc      18%        2d6       28%         4
f - Blink                 Tloc           36%        N/A       4%          2

Your spell library contained the following spells:

 Spells                   Type           Power      Damage    Failure   Level
 Corpse Rot               Necr/Air       56%        N/A       1%          2
 Apportation              Tloc           36%        N/A       2%          1
 Magic Dart               Conj           72%        1d6       2%          1
 Call Canine Familiar     Summ           18%        N/A       9%          3
 Dazzling Flash           Conj/Hex       36%        N/A       9%          3
 Lesser Beckoning         Tloc           18%        N/A       9%          3
 Portal Projectile        Hex/Tloc       36%        N/A       9%          3
 Leda's Liquefaction      Hex/Erth       9%         N/A       28%         4
 Alistair's Intoxication  Tmut/Pois      12%        N/A       61%         5
 Manifold Assault         Tloc           18%        N/A       61%         5
 Starburst                Conj/Fire      9%         6d5       99%         6

Inventory:

Hand Weapons
 a - a +0 falchion (weapon) {long}
 G - the +9 whip of the Forgotten Eyes {holy, rPois, mace}
   (You found it on level 4 of the Dungeon)

   It has been blessed by the Shining One to cause great damage to the undead
   and demons.
   rPois:     It protects you from poison.
 K - a +0 flail of protection {mace}
   (You took it off Edmund on level 5 of the Dungeon)
 N - a +1 hand axe of holy wrath {axe}
   (You took it off an orc on level 5 of the Dungeon)
 Q - a +2 long sword {long}
   (You took it off a wight on level 6 of the Dungeon)
 R - a +3 falchion {long}
   (You took it off a wight on level 6 of the Dungeon)
 S - a +3 short sword of freezing {short}
   (You took it off a wight on level 6 of the Dungeon)
 T - a +3 spear {polearm}
   (You took it off a wight on level 7 of the Dungeon)
Missiles
 i - 159 stones (quivered) {throwing}
 r - 2 poisoned darts {throwing}
 C - 5 boomerangs {throwing}
 I - a throwing net {=f!fthrowing}
 L - 2 javelins {throwing}
 M - 2 silver boomerangs {throwing}
Armour
 b - a +0 cloak (worn)
 d - a +0 robe (worn)
 x - a +1 pair of boots (worn)
   (You found it on level 3 of the Dungeon)
Magical Staves
 n - a staff of poison {!astaff}
   (You found it on level 1 of the Dungeon)
Jewellery
 j - a ring of fire
   (You found it on level 3 of the Dungeon)
 l - a ring of protection from fire
   (You found it on level 1 of the Dungeon)
 q - a +4 ring of evasion (left hand)
   (You found it on level 2 of the Dungeon)
 w - a +6 ring of dexterity
   (You found it on level 3 of the Dungeon)
 y - a ring of resist corrosion
   (You found it on level 3 of the Dungeon)
 H - a ring of willpower
   (You found it on level 4 of the Dungeon)
 P - a +4 ring of evasion (right hand)
   (You found it on level 6 of the Dungeon)
Wands
 p - a wand of digging (1)
   (You took it off Jessica on level 2 of the Dungeon)
 D - a wand of acid (1)
   (You found it on level 4 of the Dungeon)
 F - a wand of iceblast (18)
   (You found it on level 4 of the Dungeon)
Scrolls
 c - a scroll of enchant armour {unknown}
 e - a scroll of holy word {unknown}
 f - 12 scrolls of identify {unknown}
 k - 2 scrolls of teleportation {unknown}
 m - 2 scrolls of immolation {unknown}
 s - a scroll of brand weapon {unknown}
 v - 2 scrolls of blinking {unknown}
 E - a scroll of noise {unknown}
 J - 3 scrolls of fog {unknown}
 O - a scroll of fear {unknown}
Potions
 g - 2 potions of mutation {unknown}
 h - 2 potions of flight {unknown}
 o - 3 potions of lignification {unknown}
 t - 6 potions of curing {@q1}
 u - a potion of degeneration {unknown}
 z - 3 potions of attraction {unknown}
 A - a potion of brilliance {unknown}
 B - 3 potions of heal wounds {@q2}

Dungeon Overview and Level Annotations

Branches:
Dungeon (7/15)             Temple (1/1) D:6

Altars:
Ashenzari
Cheibriados
Dithmenos
Fedhas
Gozag
Hepliaklqana
Kikubaaqudgha
Nemelex Xobeh
Okawaru
Qazlal
Ru
Trog
Uskayaw
Vehumet
Wu Jian
Xom
Zin
The Shining One

Shops:
D:3 ?

Annotations:
D:5 3 runed translucent doors, rabbitsville's ghost, novice OgFi

(..............#...######.
..........................
..(........[..).####.#.##.
..............#.....).....
..............##.......#.
.......!.....##.........
#).((.....##.........
##...................
......†.#@{.[.>...........
.....###..o....##.........
..(. #..................
... ...........#.......#.
.. ..##.........#######. .
... .....##.### #. ..
#.##### .# #. ... .. .) #.
..


You could see an orc.


Message History

The searing ray hits the ogre. (Press . to maintain the ray.) 😎 MP[-2]
You lost 2 mp, and now have 10/16 mp.
The searing ray hits the ogre! 😎 MP[-1]
You lost 1 mp, and now have 9/16 mp.
The searing ray hits the ogre.
The ogre hits you with a +0 giant club!!
Ouch! That really hurt!
* * * LOW HITPOINT WARNING * * *
You hear a shout! 😨 HP[-33] MP[-1]
You take 33 damage, and now have 33/66 hp.
MASSIVE DAMAGE!! (PAUSE)
You lost 1 mp, and now have 8/16 mp.
The searing ray hits the ogre.
You finish channelling your searing ray. 😮 HP[+1] MP[-1]
You lost 1 mp, and now have 7/16 mp.
Casting: Searing Ray (safe; 4% risk of failure)
Confirm with . or Enter, or press ? or * to list all spells.
Aiming: Searing Ray (safe; 4% risk of failure)
Press: ? - help, Shift-Dir - straight line, f/p - ogre
Aim: an ogre, wielding a +0 giant club (severely wounded, 89% to hit)
The searing ray hits the ogre. (Press . to maintain the ray.)
The ogre barely misses you.
An orc priest comes into view. It is wielding a +0 whip. 😮 MP[-1]
You lost 1 mp, and now have 6/16 mp.
The searing ray hits the ogre.
The ogre misses you. 😮 MP[-1]
You lost 1 mp, and now have 5/16 mp.
The searing ray hits the ogre.
You kill the ogre!
Cheibriados thoroughly appreciates the change of pace. 😮 MP[-1]
An orc priest comes into view. It is wielding a +0 hand axe.
The orc priest looks encouraged for a moment.
An orc wizard comes into view. It is wielding a +0 dagger. 😮 HP[+1]
Casting: Searing Ray (safe; 4% risk of failure)
Confirm with . or Enter, or press ? or * to list all spells.
Aiming: Searing Ray (safe; 4% risk of failure)
Press: ? - help, Shift-Dir - straight line, f - orc priest
Aim: an orc priest, wielding a +0 whip (78% to hit)
The searing ray hits the orc priest. (Press . to maintain the ray.)
The orc wizard shouts!
The orc wizard gestures wildly while chanting.
The orc wizard flickers and vanishes!
Deactivating autopickup; reactivate with Ctrl-A. 😮 MP[-2]
You lost 2 mp, and now have 2/17 mp.
The searing ray hits the orc priest.
The orc priest closely misses you.
An orc comes into view. It is wielding a +0 short sword.
The searing ray hits the orc priest.
The orc priest begins to cast a cantrip, but forgets the words! 😮 MP[-1]
You lost 1 mp, and now have 1/17 mp.
The searing ray misses the orc priest.
You finish channelling your searing ray.
The orc priest mumbles some strange prayers to Beogh against you.
Beogh smites you!
* * * LOW HITPOINT WARNING * * *
The orc priest misses you. 😨 HP[-12] MP[-1]
You take 12 damage, and now have 23/66 hp.
You lost 1 mp, and now have 0/17 mp.
Casting: Searing Ray (safe; 4% risk of failure)
Confirm with . or Enter, or press ? or * to list all spells.
You don't have enough magic to cast this spell.
You hit the orc priest.
You kill the orc priest!
Cheibriados thoroughly appreciates the change of pace.
The orc priest barely misses you.
You slash the orc priest! The orc priest barely misses you.
You barely miss the orc priest.
You bite the orc priest, but do no damage.
Something hits you.
* * * LOW HITPOINT WARNING * * *
The orc priest hits you with a +0 hand axe.
* * * LOW HITPOINT WARNING * * *
😨 HP[-4]
You take 4 damage, and now have 19/66 hp.
You slash the orc priest!
You kill the orc priest!
Cheibriados appreciates the change of pace.
You hear some strange, mumbled words.
A magic dart appears from out of thin air!
The magic dart hits you.
* * * LOW HITPOINT WARNING * * *
😱 HP[-5]
You take 5 damage, and now have 14/66 hp.
Aiming: Iceblast
Press: ? - help, Shift-Dir - straight line The mass of ice explodes!
The iceblast engulfs something!
The iceblast engulfs you!
You die...

Skill      XL: |  1  2  3  4  5  6  7  8  9 |
---------------+----------------------------+-----
Invocations    | 1 2 3 4 |  4.9
Fighting       | 1 2 3 4 |  4.4
Short Blades   | 1 2 3 4 |  4.4
Axes           | 1 2 3 4 |  4.4
Maces & Flails | 1 2 3 4 |  4.4
Polearms       | 1 2 3 4 |  4.4
Staves         | 1 2 3 4 |  4.4
Slings         | 1 2 3 4 |  4.4
Bows           | 1 2 3 4 |  4.4
Crossbows      | 1 2 3 4 |  4.4
Throwing       | 1 2 3 4 |  4.4
Armour         | 1 2 3 4 |  4.4
Stealth        | 1 2 3 4 |  4.4
Shields        | 1 2 3 4 |  4.4
Unarmed Combat | 1 2 3 4 |  4.4
Spellcasting   | 3 4 5 |  5.3
Evocations     | 1 2 3 4 |  4.4
Conjurations   | 1 2 3 |  3.7
Hexes          | 1 2 3 |  3.7
Summonings     | 1 2 3 |  3.7
Translocations | 1 2 3 |  3.7
Transmutations | 1 2 3 |  3.7
Fire Magic     | 1 2 3 |  3.7
Ice Magic      | 1 2 3 |  3.7
Air Magic      | 1 2 3 |  3.7
Earth Magic    | 1 2 3 |  3.7
Poison Magic   | 1 2 3 |  3.7
Long Blades    | 5 6 |  6.5
Dodging        | 5 6 |  6.5
Necromancy     | 9 |  9.5

Action                   |  1- 3 |  4- 6 |  7- 9 || total
-------------------------+-------+-------+-------++-------
Melee: Falchion          |    10 |     2 |    63 ||    75
       Bite              |     3 |       |    10 ||    13
       Punch             |       |       |     1 ||     1
Throw: Stone             |       |     7 |    47 ||    54
 Cast: Pain              |    38 |    92 |    19 ||   149
       Searing Ray       |       |     4 |    86 ||    90
       Sublimation of Bl |       |       |    26 ||    26
Evoke: Wand              |       |       |     7 ||     7
  Use: Potion            |     1 |     1 |     1 ||     3
Armor: Robe              |     3 |     4 |    34 ||    41
Dodge: Dodged            |    11 |    26 |   247 ||   284

Levels and vault maps discovered:
D:1:      dpeg_arrival_erosion, layout_basic, roderic_lattice_a,
          serial_bayou_pond_d, dreamdust_wishing_well
D:2:      minmay_inner_zag, layout_loops_ring, uniq_sigmund, uniq_jessica,
          uniq_terence
D:3:      layout_rooms, serial_shops, shop, serial_bayou, serial_bayou_pond_b,
          serial_bayou_pond_e, serial_bayou_ford_a, serial_bayou_lake_a,
          serial_bayou_pond_d
D:4:      layout_gridville
D:5:      corexii_shack_village, layout_basic, mainiacjoe_overflow_big_doors,
          ebering_ghost_gozag, kennysheep_dice, uniq_edmund
D:6:      layout_loops_ring, minmay_temple_entry_proselytizer,
          kennysheep_cluttered_room, uniq_menkaure
D:7:      layout_rooms, lemuel_coloured_pillars_altar, lightli_corner_chamber
Temple:   compressed_dpeg_circular_temple

Notes
Turn   | Place    | Note
-------+----------+-------------------------------------------
     0 | D:1      | spaghetti the Gnoll Wanderer began the quest for the Orb.
     0 | D:1      | spaghetti set off with the following items: a +0 falchion
                  | {long}, a +0 cloak, a potion of berserk rage {!q}, a +0
                  | robe; and the following spell memorised: Pain; and the
                  | following spells available to memorise: Sublimation of
                  | Blood, Corpse Rot
     0 | D:1      | Reached XP level 1. HP: 13/13 MP: 4/4
     0 | D:1      | magus.rc [v1.9.6]
   259 | D:1      | Reached XP level 2. HP: 18/19 MP: 3/5
   471 | D:1      | You pick up a book of Conjurations {@e2} and begin
                  | reading...
   471 | D:1      | You add the spells Magic Dart, Searing Ray and Fulminant
                  | Prism to your library.
  1473 | D:2      | Noticed Terence
  1486 | D:2      | Killed Terence
  1487 | D:2      | Reached skill level 1 in Invocations
  1487 | D:2      | Reached XP level 3. HP: 21/25 MP: 1/7
  1645 | D:2      | Noticed Jessica
  1650 | D:2      | Killed Jessica
  1651 | D:2      | Reached skill level 1 in Fighting
  1651 | D:2      | Reached skill level 1 in Short Blades
  1651 | D:2      | Reached skill level 1 in Axes
  1651 | D:2      | Reached skill level 1 in Maces & Flails
  1651 | D:2      | Reached skill level 1 in Polearms
  1651 | D:2      | Reached skill level 1 in Staves
  1651 | D:2      | Reached skill level 1 in Slings
  1651 | D:2      | Reached skill level 1 in Bows
  1651 | D:2      | Reached skill level 1 in Crossbows
  1651 | D:2      | Reached skill level 1 in Throwing
  1651 | D:2      | Reached skill level 1 in Armour
  1651 | D:2      | Reached skill level 1 in Stealth
  1651 | D:2      | Reached skill level 1 in Shields
  1651 | D:2      | Reached skill level 1 in Unarmed Combat
  1651 | D:2      | Reached skill level 3 in Spellcasting
  1651 | D:2      | Reached skill level 1 in Evocations
  1651 | D:2      | Reached XP level 4. HP: 22/32 MP: 0/8
  1661 | D:2      | Learned a level 2 spell: Sublimation of Blood
  1664 | D:2      | Learned a level 2 spell: Searing Ray
  1854 | D:2      | Reached skill level 1 in Conjurations
  1854 | D:2      | Reached skill level 1 in Hexes
  1854 | D:2      | Reached skill level 1 in Summonings
  1854 | D:2      | Reached skill level 1 in Translocations
  1854 | D:2      | Reached skill level 1 in Transmutations
  1854 | D:2      | Reached skill level 1 in Fire Magic
  1854 | D:2      | Reached skill level 1 in Ice Magic
  1854 | D:2      | Reached skill level 1 in Air Magic
  1854 | D:2      | Reached skill level 1 in Earth Magic
  1854 | D:2      | Reached skill level 1 in Poison Magic
  2221 | D:2      | You pick up a book of Party Tricks and begin reading...
  2221 | D:2      | You add the spells Apportation and Alistair's Intoxication
                  | to your library.
  2361 | D:2      | Noticed Sigmund
  2379 | D:2      | HP: 6/32 [Sigmund/+0 scythe (9)]
  2386 | D:2      | Killed Sigmund
  2387 | D:2      | Reached skill level 2 in Invocations
  2387 | D:2      | Reached XP level 5. HP: 29/38 MP: 2/10
  2387 | D:2      | Reached XP level 6. HP: 34/44 MP: 2/11
  2472 | D:2      | You pick up a book of Spectacle and begin reading...
  2472 | D:2      | You add the spells Dazzling Flash, Iskenderun's Mystic
                  | Blast and Starburst to your library.
  2898 | D:3      | You pick up a book of Spatial Translocations and begin
                  | reading...
  2898 | D:3      | You add the spells Blink, Lesser Beckoning and Manifold
                  | Assault to your library.
  2999 | D:3      | Reached skill level 5 in Long Blades
  2999 | D:3      | Reached skill level 5 in Dodging
  3235 | D:3      | Found Berotaur's Magic Scroll Boutique.
  3540 | D:3      | Reached skill level 2 in Fighting
  3540 | D:3      | Reached skill level 2 in Short Blades
  3540 | D:3      | Reached skill level 2 in Axes
  3540 | D:3      | Reached skill level 2 in Maces & Flails
  3540 | D:3      | Reached skill level 2 in Polearms
  3540 | D:3      | Reached skill level 2 in Staves
  3540 | D:3      | Reached skill level 2 in Slings
  3540 | D:3      | Reached skill level 2 in Bows
  3540 | D:3      | Reached skill level 2 in Crossbows
  3540 | D:3      | Reached skill level 2 in Throwing
  3540 | D:3      | Reached skill level 2 in Armour
  3540 | D:3      | Reached skill level 2 in Stealth
  3540 | D:3      | Reached skill level 2 in Shields
  3540 | D:3      | Reached skill level 2 in Unarmed Combat
  3540 | D:3      | Reached skill level 2 in Evocations
  3612 | D:3      | Noticed a sky beast
  3623 | D:3      | Killed a sky beast
  3924 | D:3      | Reached skill level 9 in Necromancy
  4087 | D:4      | Reached XP level 7. HP: 50/50 MP: 6/12
  4763 | D:4      | Identified the +9 whip of the Forgotten Eyes {holy, rPois}
  4920 | D:4      | You pick up a book of the Hunter and begin reading...
  4920 | D:4      | You add the spells Call Canine Familiar, Portal Projectile
                  | and Leda's Liquefaction to your library.
  5008 | D:4      | Learned a level 4 spell: Fulminant Prism
  5013 | D:4      | Learned a level 4 spell: Iskenderun's Mystic Blast
  5203 | D:5      | Entered Level 5 of the Dungeon
  5275 | D:5      | Reached skill level 2 in Conjurations
  5275 | D:5      | Reached skill level 2 in Hexes
  5275 | D:5      | Reached skill level 2 in Summonings
  5275 | D:5      | Reached skill level 2 in Translocations
  5275 | D:5      | Reached skill level 2 in Transmutations
  5275 | D:5      | Reached skill level 2 in Fire Magic
  5275 | D:5      | Reached skill level 2 in Ice Magic
  5275 | D:5      | Reached skill level 2 in Air Magic
  5275 | D:5      | Reached skill level 2 in Earth Magic
  5275 | D:5      | Reached skill level 2 in Poison Magic
  5991 | D:5      | Found a runed translucent gate.
  5991 | D:5      | Found a runed translucent gate.
  5991 | D:5      | Found a runed translucent gate.
  5992 | D:5      | Found an opulent altar of Gozag.
  5999 | D:5      | Noticed Edmund
  6014 | D:5      | Reached skill level 4 in Spellcasting
  6014 | D:5      | Reached skill level 3 in Invocations
  6021 | D:5      | HP: 11/51 [Edmund/+0 flail of protection (4)]
  6023 | D:5      | Killed Edmund
  6024 | D:5      | Reached XP level 8. HP: 13/57 MP: 9/14
  6317 | D:5      | Reached skill level 3 in Fighting
  6317 | D:5      | Reached skill level 3 in Short Blades
  6317 | D:5      | Reached skill level 3 in Axes
  6317 | D:5      | Reached skill level 3 in Maces & Flails
  6317 | D:5      | Reached skill level 3 in Polearms
  6317 | D:5      | Reached skill level 3 in Staves
  6317 | D:5      | Reached skill level 3 in Slings
  6317 | D:5      | Reached skill level 3 in Bows
  6317 | D:5      | Reached skill level 3 in Crossbows
  6317 | D:5      | Reached skill level 3 in Throwing
  6317 | D:5      | Reached skill level 3 in Armour
  6317 | D:5      | Reached skill level 3 in Stealth
  6317 | D:5      | Reached skill level 3 in Shields
  6317 | D:5      | Reached skill level 3 in Unarmed Combat
  6317 | D:5      | Reached skill level 3 in Evocations
  6774 | D:5      | Found a sparkling altar of Nemelex Xobeh.
  6776 | D:5      | Found a radiant altar of Vehumet.
  6875 | D:5      | Noticed rabbitsville's ghost (novice OgFi)
  7522 | D:6      | Noticed Menkaure
  7530 | D:6      | Killed Menkaure
  7863 | D:6      | Found a staircase to the Ecumenical Temple.
  7875 | Temple   | Entered the Ecumenical Temple
  8119 | Temple   | Became a worshipper of Cheibriados the Contemplative
  8204 | D:6      | Reached skill level 3 in Conjurations
  8204 | D:6      | Reached skill level 3 in Hexes
  8204 | D:6      | Reached skill level 3 in Summonings
  8204 | D:6      | Reached skill level 3 in Translocations
  8204 | D:6      | Reached skill level 3 in Transmutations
  8204 | D:6      | Reached skill level 3 in Fire Magic
  8204 | D:6      | Reached skill level 3 in Ice Magic
  8204 | D:6      | Reached skill level 3 in Air Magic
  8204 | D:6      | Reached skill level 3 in Earth Magic
  8204 | D:6      | Reached skill level 3 in Poison Magic
  8204 | D:6      | Reached skill level 4 in Invocations
  8339 | D:6      | Reached skill level 6 in Long Blades
  8339 | D:6      | Reached skill level 6 in Dodging
  8479 | D:6      | Reached XP level 9. HP: 28/65 MP: 6/16
  8482 | D:6      | Learned a level 2 spell: Blink
  8813 | D:6      | You pick up a book of the Hunter and begin reading...
  9139 | D:6      | Reached skill level 4 in Fighting
  9139 | D:6      | Reached skill level 4 in Short Blades
  9139 | D:6      | Reached skill level 4 in Axes
  9139 | D:6      | Reached skill level 4 in Maces & Flails
  9139 | D:6      | Reached skill level 4 in Polearms
  9139 | D:6      | Reached skill level 4 in Staves
  9139 | D:6      | Reached skill level 4 in Slings
  9139 | D:6      | Reached skill level 4 in Bows
  9139 | D:6      | Reached skill level 4 in Crossbows
  9139 | D:6      | Reached skill level 4 in Throwing
  9139 | D:6      | Reached skill level 4 in Armour
  9139 | D:6      | Reached skill level 4 in Stealth
  9139 | D:6      | Reached skill level 4 in Shields
  9139 | D:6      | Reached skill level 4 in Unarmed Combat
  9139 | D:6      | Reached skill level 5 in Spellcasting
  9139 | D:6      | Reached skill level 4 in Evocations
  9657 | D:7      | Reached * piety under Cheibriados
  9878 | D:7      | HP: 14/66 [something/magic dart (5)]
  9879 | D:7      | Killed themself with a badly aimed iceblast

Vanquished Creatures
  Sigmund (D:2)
  A wyvern (D:6)
  Menkaure (D:6)
  Edmund (D:5)
  2 black bears
  2 sky beasts
  2 ice beasts (D:7)
  An ogre (D:7)
  2 necrophages (D:6)
  2 bullfrogs
  A scorpion (D:5)
  8 wights
  A howler monkey (D:7)
  4 orc priests
  6 hounds
  4 iguanas
  Jessica (D:2)
  Terence (D:2)
  An orc wizard (D:5)
  6 gnolls
  10 adders
  3 shadow imps
  A white imp (D:5)
  An ufetubus (D:5)
  A worm (D:2)
  4 dart slugs
  14 orcs
  6 endoplasms
  6 giant cockroaches
  9 goblins
  15 hobgoblins
  5 jackals
  6 kobolds
  4 ball pythons
  4 bats
  3 frilled lizards
  4 rats (D:3)
144 creatures vanquished.

Vanquished Creatures (others)
  2 plants (D:5)
2 creatures vanquished.

Grand Total: 146 creatures vanquished

Table legend:
 A = Non-vault XP
 B = Vault XP
 C = Vault XP percentage of total XP
 D = Non-vault monster count
 E = Vault monster count
 F = Vault count percentage of total count
                 A         B        C        D         E       F
            +---------+---------+-------+---------+---------+-------
      Total |    3075 |     808 |  20.8 |     115 |      29 |  20.1
            +---------+---------+-------+---------+---------+-------
        D:1 |      28 |       0 |   0.0 |      16 |       0 |   0.0
        D:2 |      33 |     318 |  90.6 |       9 |       8 |  47.1
        D:3 |     187 |      30 |  13.8 |      18 |       4 |  18.2
        D:4 |     133 |       0 |   0.0 |      18 |       0 |   0.0
        D:5 |     558 |     233 |  29.5 |      24 |      15 |  38.5
        D:6 |    1224 |     227 |  15.6 |      18 |       2 |  10.0
        D:7 |     912 |       0 |   0.0 |      12 |       0 |   0.0
            +---------+---------+-------+---------+---------+-------

Illustrated notes

Table legend:
 A = Kills in this place as a percentage of kills in entire the game.
 B = Kills by you in this place as a percentage of kills by you in the entire game.
 C = Kills by friends in this place as a percentage of kills by friends in the entire game.
 D = Other kills in this place as a percentage of other kills in the entire game.
 E = Experience gained in this place as a percentage of experience gained in the entire game.
 F = Experience gained in this place divided by the number of levels of this place that you have seen.
                   A       B       C       D       E      F
               +-------+-------+-------+-------+-------+----------------------
         Total | 100.0 | 100.0 |   N/A |   N/A | 100.0 | 485.4
       Dungeon | 100.0 | 100.0 |   N/A |   N/A | 100.0 | 554.7
               +-------+-------+-------+-------+-------+----------------------

Table legend: (Time is in decaauts)
 A = Elapsed time spent in this place.
 B = Non-inter-level travel time spent in this place.
 C = Inter-level travel time spent in this place.
 D = Time resting spent in this place.
 E = Time spent auto-exploring this place.
 F = Levels seen in this place.
 G = Mean time per level.
                   A        B        C        D        E       F      G
               +--------+--------+--------+--------+--------+-----+--------+
         Total |  10108 |   9863 |    245 |   1116 |   7659 |   8 | 1263.5 |
       Dungeon |   9825 |   9618 |    207 |   1116 |   7437 |   7 | 1403.6 |
        Temple |    283 |    245 |     38 |      0 |    222 |   1 |  283.0 |
               +--------+--------+--------+--------+--------+-----+--------+

Top non-repeatable levels by time:
     D:5: 2028 daAuts
     D:6: 2016 daAuts
     D:1: 1446 daAuts
     D:2: 1361 daAuts
     D:3: 1304 daAuts
     D:4: 1152 daAuts
     D:7: 516 daAuts
  Temple: 283 daAuts
